Map: [EWC] Alcyone

Players

Solar - Winner!

  • Race: Zerg Zerg
  • Spawn Location: 1:00

Coffee

  • Race: Terran Terran
  • Spawn Location: 7:00

Event: Esports World Cup 2024

VOD

Have the link to the VOD?

Description

Time

  • Played on: Aug. 15, 2024, 8:20 a.m.
  • Length: 6:47

All games in this series

Show
View Real Time Build Order
Export as new Build Order

Solar Zerg - Winner!

Build Orders: Hatch First 

Get SALT Encoding   

  12  0:00  Drone  
  13  0:12  Overlord  
  13  0:17  Drone  
  14  0:31  Drone x2  
  16  0:47  Hatchery  
  15  0:51  Drone  
  15  0:54  Drone  
  17  0:58  Drone  
  18  1:08  Extractor  
  17  1:13  Spawning Pool  
  17  1:15  Drone  
  17  1:19  Drone  
  18  1:28  Drone  
  19  1:39  Drone  
  20  1:50  Drone  
  21  1:59  Queen x2  
  21  2:00  Zergling x4  
  27  2:10  Drone  
  27  2:11  Overlord  
  28  2:16  Metabolic Boost  
  27  2:31  Zergling x4  
  27  2:36  Queen  
  29  2:37  Queen  
  29  2:40  Drone  
  29  2:43  Overlord  
  32  2:45  Zergling x2  
  32  2:46  Drone  
  34  2:53  Drone  
  35  3:02  Zergling x2  
  35  3:04  Zergling x4  
  38  3:11  Drone x3  
  41  3:20  Hatchery, Zergling x2  
  41  3:25  Overlord  
  41  3:27  Zergling x2  
  41  3:29  Drone  
  43  3:39  Overlord  
  43  3:41  Drone  
  44  3:45  Drone x3  
  44  3:47  Drone x2  
  44  3:48  Drone  
  52  3:58  Drone x2  
  52  4:01  Extractor  
  53  4:03  Overlord  
  53  4:04  Drone  
  54  4:11  Roach Warren, Drone  
  54  4:13  Drone  
  55  4:18  Drone x2  
  55  4:19  Extractor  
  55  4:22  Overlord  
  55  4:26  Overlord  
  55  4:29  Overlord  
  53  4:51  Roach x7  
  66  4:53  Roach  
  66  4:57  Roach  
  72  5:00  Roach  
  72  5:02  Zergling x10  
  72  5:06  Zergling x10  
  82  5:09  Zergling x2  
  83  5:14  Ravager  
  83  5:18  Zergling x6, Overlord  
  83  5:19  Zergling x2  
  83  5:20  Ravager  
  89  5:23  Zergling x2  
  89  5:28  Zergling x10  
  94  5:31  Ravager  
  94  5:34  Zergling x2  
  94  5:35  Zergling x2  
  97  5:36  Overlord  
  97  5:41  Ravager  
  97  5:42  Overlord  
  98  5:43  Zergling x2  
  98  5:44  Zergling x2  
  98  5:47  Zergling x2  
  98  5:49  Zergling x2  
  102  5:53  Zergling x4  
  102  5:55  Ravager  
  104  5:57  Zergling x6  
  104  5:59  Zergling x2  
  104  6:02  Zergling x4  
  110  6:04  Zergling x2  
  110  6:09  Ravager  
  110  6:10  Zergling x2  
  110  6:11  Zergling x4  
  115  6:12  Zergling x2  
  115  6:13  Zergling x2  
Show
View Real Time Build Order
Export as new Build Order

Coffee Terran 

Build Orders:  

Get SALT Encoding   

  12  0:01  SCV  
  13  0:13  SCV  
  14  0:19  Supply Depot  
  14  0:25  SCV  
  15  0:41  Barracks  
  15  0:44  Refinery  
  15  0:53  Barracks  
  15  0:57  SCV  
  16  1:09  SCV  
  17  1:28  Reaper  
  17  1:29  Orbital Command  
  18  1:36  Supply Depot  
  18  1:45  Reaper  
  19  1:54  SCV  
  20  2:04  Reaper  
  20  2:06  SCV  
  22  2:15  Command Center  
  22  2:19  Refinery  
  22  2:22  Reaper  
  23  2:24  SCV  
  23  2:37  SCV  
  24  2:52  Command Center  
  24  3:03  Factory  
  24  3:09  Barracks Reactor  
  24  3:11  SCV  
  25  3:23  SCV  
  26  3:28  Orbital Command  
  26  3:36  SCV  
  27  3:43  Barracks Reactor  
  27  3:48  SCV  
  26  3:53  SCV  
  26  3:54  Barracks Tech Lab  
  26  3:55  Hellion  
  30  3:58  Hellion  
  30  4:00  SCV  
  31  4:04  Orbital Command  
  31  4:09  Engineering Bay  
  31  4:10  SCV, Engineering Bay  
  31  4:12  SCV  
  33  4:20  Marine x2  
  33  4:22  SCV  
  33  4:23  Barracks Tech Lab, Factory Reactor  
  36  4:25  SCV  
  36  4:30  SCV  
  38  4:34  SCV  
  38  4:36  Terran Infantry Weapons Level 1, Terran Infantry Armor Level 1  
  39  4:39  SCV  
  39  4:43  SCV, Marine  
  42  4:46  SCV  
  42  4:51  SCV  
  44  4:55  SCV  
  44  4:58  SCV  
  50  5:00  Hellion x2  
  50  5:02  Marine x3  
  50  5:04  Starport  
  53  5:10  Supply Depot  
  53  5:12  SCV x2  
  55  5:18  Refinery  
  55  5:20  Supply Depot, SCV, Refinery  
  56  5:23  Marine x3  
  56  5:24  SCV  
  56  5:25  SCV  
  61  5:34  Factory Tech Lab  
  61  5:36  SCV x2  
  61  5:39  SCV  
  64  5:43  Supply Depot, Marine x3  
  64  5:44  Supply Depot  
  64  5:47  Medivac  
  64  5:48  SCV  
  72  5:51  SCV, Armory  
  72  6:01  Marine x2  
  75  6:09  Siege Tank  
  77  6:19  Marine  
Tags
 
Add a new tag
Caveats
  • Supply blocks, unpowered buildings, or Contaminate may cause inaccurate times.
  • Supply counts are checked every 10 seconds.